 Dungeon Crawl Stone Soup version 0.24.0-125-gc4c63601f3 (webtiles) character file.

Game seed: 10365084640895003003, levelgen mode: deterministic

8687 Peloso the Carver (level 11, 0/95 HPs)
             Began as a Minotaur Fighter on Mar 21, 2020.
             Was a High Priest of Okawaru.
             Slain by an orc warrior
             ... wielding a +0 short sword
              (12 damage)
             ... on level 10 of the Dungeon.
             The game lasted 00:17:20 (7382 turns).

Peloso the Carver (Minotaur Fighter)                Turns: 7382, Time: 00:17:21

Health: 0/95       AC: 14    Str: 23    XL:     11   Next: 13%
Magic:  10/10      EV:  7    Int:  5    God:    Okawaru [*****.]
Gold:   134        SH:  0    Dex: 11    Spells: 10/10 levels left

rFire    . . .     SeeInvis .   a - +4 scimitar (flame)
rCold    . . .     Gourm    .   c - +1 shield
rNeg     . . .     Faith    .   y - +0 plate armour
rPois    +         Spirit   .   (helmet restricted)
rElec    .         Reflect  .   (no cloak)
rCorr    .         Harm     .   (no gloves)
MR       .....                  (no boots)
Stlth    ..........             (no amulet)
HPRegen  0.25/turn              e - +1 ring of slaying
MPRegen  0.12/turn              z - ring of poison resistance

@: confused
A: retaliatory headbutt, horns 2
a: Heroism, Finesse, Renounce Religion


You were on level 10 of the Dungeon.
You worshipped Okawaru.
Okawaru was extremely pleased with you.
You were very hungry.

You visited 2 branches of the dungeon, and saw 12 of its levels.

You collected 460 gold pieces.
You spent 326 gold pieces at shops.

Inventory:

Hand Weapons
 a - a +4 scimitar of flaming (weapon)
Armour
 b - a +0 scale mail
 c - a +1 shield (worn)
 y - a +0 plate armour (worn)
Jewellery
 d - an uncursed ring of protection from fire {unknown}
 e - a +1 ring of slaying (left hand)
 p - an uncursed amulet of regeneration
 r - an uncursed ring of protection from cold
 t - an uncursed ring of fire
 z - a ring of poison resistance (right hand)
Wands
 k - a wand of digging (5)
 B - a wand of iceblast (13)
 D - a wand of scattershot (6)
 E - a wand of flame (21)
 K - a wand of random effects (16)
Scrolls
 g - 5 scrolls of teleportation
 h - 2 scrolls of identify
 i - 5 scrolls of magic mapping
 j - 4 scrolls of remove curse
 l - 4 scrolls of fear
 m - 2 scrolls of amnesia
 q - 2 scrolls of enchant weapon
 u - 2 scrolls of noise
 v - a scroll of blinking {unknown}
 x - 2 scrolls of enchant armour
 A - a scroll of random uselessness {unknown}
 N - a scroll of summoning {unknown}
Potions
 n - a potion of agility
 o - 2 potions of flight
 s - 2 potions of brilliance
 w - a potion of experience
 C - 3 potions of curing
 G - a potion of berserk rage
 H - 2 potions of might
 I - 2 potions of cancellation {unknown}
 L - a potion of mutation
 M - a potion of resistance {unknown}
 O - a potion of haste
Miscellaneous
 F - a lamp of fire
Comestibles
 f - 21 rations


   Skills:
 + Level 8.7 Fighting
 + Level 12.2 Long Blades
 + Level 10.3 Armour
 + Level 2.4 Dodging
 + Level 1.0 Stealth
 + Level 11.1 Shields


You had 10 spell levels left.
You didn't know any spells.
Your spell library contained the following spells:

 Spells                   Type           Power        Failure   Level  Hunger
 Shock                    Conj/Air       #...         100%        1    ##.....
 Sting                    Conj/Pois      #...         100%        1    ##.....
 Poisonous Vapours        Pois/Air       #.....       100%        2    ###....
 Searing Ray              Conj           #.....       100%        2    ###....
 Dazzling Spray           Conj/Hex       #.....       100%        3    ####...
 Mephitic Cloud           Conj/Pois/Air  #.......     100%        3    ####...
 Olgreb's Toxic Radiance  Pois           #.......     100%        4    #####..
 Irradiate                Conj/Tmut      #.........   100%        5    ######.
 Iskenderun's Battlesphe  Conj/Chrm      #.......     100%        5    ######.
 Venom Bolt               Conj/Pois      #.........   100%        5    ######.


Dungeon Overview and Level Annotations

Branches:
Dungeon (11/15)            Temple (1/1) D:6
   Lair: D:8-11         Orc: D:9-12

Altars:
Ashenzari
Cheibriados
Elyvilon
Fedhas
Hepliaklqana
Kikubaaqudgha
Nemelex Xobeh
Okawaru
Trog
Vehumet
Wu Jian
Zin
Lugonu

Shops:
D:6 ?}   D:8 !   D:9 !


Innate Abilities, Weirdness & Mutations

You reflexively headbutt those who attack you in melee.
You have a pair of horns on your head.


Message History

Unknown command.
You slash the two-headed ogre! You burn the two-headed ogre.
You kill the two-headed ogre!
Okawaru is honoured by your kill. Something hits you but does no damage.
The orc warrior hits you with a +0 short sword!
* * * LOW HITPOINT WARNING * * *
The orc wizard miscasts a cantrip.
You slash something! You burn something. Something hits you.
* * * LOW HITPOINT WARNING * * *
The orc warrior closely misses you. You furiously retaliate!
You headbutt the orc warrior.
You kill the orc warrior!
Okawaru accepts your kill. You block the orc's attack.
You block the orc warrior's attack.
You hear some strange, mumbled words.
You are confused.
You bump into the rock wall.
Something hits you but does no damage.
The orc warrior hits you with a +0 short sword!
You die...

...## ######### .. ....#
##...#...## ...
....###.........##.#
....##.............#
....##)...........#
....##[..........#
#...###......(..# .
#.....##...#...### ...
.#.##.###.###..)@###.....
...##..<..# #.##)oWoo#
..........###....oOo##
#########.##...####..# #
####....>..# #...
######(......#.## ##...
...(....##..#.>## ..
...##.....รท.....# .
.#.########.....#


You could see a hungry ghost, an orc warrior, an ogre, an orc wizard and 3 orcs.

Vanquished Creatures
  Harold (D:7)
  Erica (D:8)
  2 two-headed ogres
  An unseen horror (D:11)
  Joseph (D:8)
  2 trolls (D:9)
  4 hogs (D:7)
  A human (D:7)
  A wyvern (D:10)
  A hungry ghost (D:8)
  Menkaure (D:7)
  A water moccasin (D:8)
  2 orc warriors
  2 ice beasts (D:10)
  2 sky beasts
  2 black bears
  2 ogres
  5 phantoms
  4 centaurs
  6 bullfrogs
  A gnoll sergeant (D:9)
  4 scorpions
  2 killer bees (D:11)
  4 howler monkeys
  A centaur zombie (D:6)
  3 crimson imps
  2 bullfrog zombies
  3 orc priests
  2 jellies
  A gnoll shaman (D:9)
  4 hounds
  3 iguanas
  4 worker ants
  5 orc wizards
  A hound zombie (D:5)
  A worker ant zombie (D:9)
  9 gnolls (D:9)
  A howler monkey skeleton (D:5)
  10 adders
  A shadow imp (D:8)
  An adder skeleton (D:4)
  2 adder zombies
  2 worms (D:2)
  2 dart slugs (D:1)
  5 leopard geckos
  28 orcs
  8 bats
  2 giant cockroaches
  9 goblins
  8 hobgoblins
  12 jackals
  6 quokkas
  2 ball pythons
  3 frilled lizards (D:3)
  4 kobolds
  A quokka skeleton (D:8)
  5 rats
204 creatures vanquished.

Notes
Turn   | Place    | Note
-------+----------+-------------------------------------------
     0 | D:1      | Peloso the Minotaur Fighter began the quest for the Orb.
     0 | D:1      | Reached XP level 1. HP: 19/19 MP: 0/0
   232 | D:1      | Reached XP level 2. HP: 27/27 MP: 1/1
   724 | D:2      | Reached XP level 3. HP: 33/33 MP: 2/2
   977 | D:2      | Reached XP level 4. HP: 37/40 MP: 3/3
  1731 | D:3      | Reached skill level 3 in Long Blades
  1801 | D:3      | Found a white marble altar of Elyvilon.
  1881 | D:3      | Reached skill level 5 in Shields
  1881 | D:3      | Reached XP level 5. HP: 46/47 MP: 4/4
  2123 | D:4      | Reached skill level 1 in Dodging
  2157 | D:4      | Noticed an ogre
  2359 | D:4      | Noticed a phantom
  2387 | D:4      | Killed a phantom
  2387 | D:4      | Reached skill level 4 in Long Blades
  2387 | D:4      | Reached skill level 5 in Armour
  2387 | D:4      | Reached XP level 6. HP: 47/53 MP: 5/5
  3043 | D:4      | Found a bloodstained altar of Trog.
  3070 | D:5      | Entered Level 5 of the Dungeon
  3071 | D:5      | Noticed a sky beast
  3109 | D:5      | HP: 1/123 [something (6)]
  3116 | D:5      | Killed a sky beast
  3116 | D:5      | Reached skill level 5 in Fighting
  3116 | D:5      | Reached skill level 5 in Long Blades
  3116 | D:5      | Reached XP level 7. HP: 1/61 MP: 6/6
  3116 | D:5      | HP: 1/136 [poisoned by a scorpion]
  3689 | D:5      | Found a glowing silver altar of Zin.
  3689 | D:5      | Noticed an angel
  3825 | D:6      | Reached skill level 6 in Long Blades
  3836 | D:6      | Reached XP level 8. HP: 39/69 MP: 7/7
  3920 | D:6      | Reached skill level 7 in Long Blades
  3942 | D:6      | Found a staircase to the Ecumenical Temple.
  3957 | Temple   | Entered the Ecumenical Temple
  4051 | Temple   | Became a worshipper of Warmaster Okawaru
  4117 | D:6      | Found Nag Zuqi's Gadget Shoppe.
  4146 | D:6      | Found a snail-covered altar of Cheibriados.
  4313 | D:6      | Found Wibiexy's Magic Scroll Emporium.
  4325 | D:6      | Bought 2 scrolls of magic mapping for 98 gold pieces
  4686 | D:7      | Noticed Menkaure
  4692 | D:7      | Killed Menkaure
  4891 | D:7      | You fall into a shaft and drop 1 floor!
  4891 | D:8      | Noticed Erica
  4899 | D:8      | Reached * piety under Okawaru
  4899 | D:8      | Reached skill level 8 in Long Blades
  4905 | D:8      | Killed Erica
  4905 | D:8      | Reached skill level 9 in Long Blades
  4905 | D:8      | Reached XP level 9. HP: 51/75 MP: 8/8
  4920 | D:7      | Found a shattered altar of Ashenzari.
  4920 | D:7      | Noticed Harold
  4928 | D:7      | Killed Harold
  4928 | D:7      | Reached ** piety under Okawaru
  4928 | D:7      | Reached skill level 1 in Stealth
  4978 | D:7      | You fall into a shaft and drop 1 floor!
  4986 | D:8      | Reached skill level 10 in Long Blades
  5292 | D:7      | Reached XP level 10. HP: 66/86 MP: 9/9
  5295 | D:7      | Reached *** piety under Okawaru
  5617 | D:8      | Noticed Joseph
  5621 | D:8      | Reached skill level 10 in Shields
  5625 | D:8      | Killed Joseph
  5668 | D:8      | Found Domav's Distillery.
  5682 | D:8      | Bought a potion of might for 48 gold pieces
  5803 | D:8      | Reached skill level 11 in Long Blades
  5948 | D:9      | Received a gift from Okawaru
  5959 | D:9      | Identified the Disquisition on Flight and Attacks
  6028 | D:9      | You fall into a shaft and drop 2 floors!
  6069 | D:11     | Killed an unseen horror
  6069 | D:11     | Reached **** piety under Okawaru
  6384 | D:10     | Entered Level 10 of the Dungeon
  6389 | D:10     | Found a corrupted altar of Lugonu.
  6413 | D:10     | Reached skill level 10 in Armour
  6853 | D:9      | Found Irun's Distillery.
  6859 | D:9      | Bought a potion of mutation for 96 gold pieces
  6859 | D:9      | Bought a potion of might for 48 gold pieces
  6859 | D:9      | Bought a potion of flight for 36 gold pieces
  6923 | D:9      | Noticed a two-headed ogre
  6932 | D:9      | Killed a two-headed ogre
  6996 | D:9      | Reached ***** piety under Okawaru
  6996 | D:9      | Reached skill level 12 in Long Blades
  6996 | D:9      | Reached XP level 11. HP: 80/95 MP: 10/10
  7364 | D:10     | Noticed a two-headed ogre
  7379 | D:10     | Killed a two-headed ogre
  7382 | D:10     | Slain by an orc warrior

Levels and vault maps discovered:
D:1:      dpeg_arrival_refuge, layout_basic
D:2:      layout_basic
D:3:      layout_basic, elyvilon_altar_3
D:4:      layout_cave_pools, nicolae_overflow_hidden_temple, first_ration
D:5:      layout_loops_ring, zin_angel
D:6:      layout_loops_ring, minmay_temple_entry_grid, serial_shops,
          nicolae_shop_trees, shop, cheibriados_altar_1
D:7:      layout_loops_ring, overflow_temple_1_default, grunt_livestock,
          grunt_ministairs_9, uniq_harold, uniq_menkaure
D:8:      layout_rooms, serial_shops, nicolae_shop_stone, uniq_joseph,
          uniq_erica
D:9:      layout_grid_maze, serial_shops, shop
D:10:     kennysheep_kobold_lugonu_temple, layout_rooms, lair_entry_dummy,
          orc_david_3, minmay_misc_feat_secret_circle, bh_circular_ruins
D:11:     layout_loops_ring, serial_shops, nicolae_shop_waterfront, basic_altar,
          minmay_quadrilaterals
Temple:   dpeg_five_rooms_temple

Skill      XL: |  1  2  3  4  5  6  7  8  9 10 11 |
---------------+----------------------------------+-----
Fighting       | 4 5 6 7 8 |  8.7
Armour         | 4 5 6 8 10 | 10.3
Shields        | 4 5 6 7 8 9 10 11 | 11.1
Long Blades    | 3 4 5 6 9 10 12 | 12.2
Dodging        | 1 2 |  2.4
Stealth        | 1 |  1.0

Action                   |  1- 3 |  4- 6 |  7- 9 | 10-12 || total
-------------------------+-------+-------+-------+-------++-------
Melee: Long sword        |    80 |   139 |   144 |       ||   363
       Headbutt          |    14 |    29 |    47 |    19 ||   109
       Scimitar          |       |       |    44 |   171 ||   215
Invok: Heroism           |       |       |       |     1 ||     1
  Use: Potion            |     1 |     4 |     3 |     1 ||     9
       Scroll            |       |       |    12 |       ||    12
  Eat: Chunk             |       |     7 |     6 |     8 ||    21
Armor: Scale mail        |    46 |    35 |       |       ||    81
       Plate armour      |       |    65 |    82 |    92 ||   239
       Skin              |       |     7 |     1 |       ||     8
Dodge: Dodged            |    22 |    31 |    48 |    44 ||   145
Block: Shield            |    49 |    94 |   113 |   122 ||   378
       Rpst.: Long sword |     6 |    12 |    12 |       ||    30
       Scimitar          |       |       |     2 |     9 ||    11
